AoeStats
← chewie1706

African Clearing

505258617Analyzed
4v4 RM · 24d ago on Sep 8, 2026· 42m 27s· 8 players
Game mode
Random Map
Map size
Large (8 player)
Population
200
Speed
Normal
Resources
Standard
Victory
Conquest
Starting age
Dark Age
Ending age
Imperial Age
RankedLock teamsTeams togetherTeam positionsShared explorationLock speedFull tech treeHidden civsTurbo modeCheats
Victory
Defeat
🇫🇷 Hindustanis · France
1524
+11
🇫🇷 Spanish · France
1507
+12
🇨🇭 Persians · Switzerland
1326
+19
🇫🇷 Tatars · France
1234
+23
🇳🇱 Koreans · Netherlands
1421
-17
🇵🇪 Dravidians · Peru
1413
-17
🇬🇧 Huns · United Kingdom
1395
-16
🇨🇳 Britons · China
1379
-15
老头
4:54 Loom
14:14 Feudal Age
15:51 Double-Bit Axe
18:25 Castle Age
17:55 Horse Collar
20:06 Bow Saw
23:02 Fletching
24:38 Padded Archer Armor
26:32 Bodkin Arrow
27:03 Ballistics
30:19 Stone Mining
31:37 Leather Archer Armor
33:10 Gold Mining
35:15 Wheelbarrow
36:52 Hand Cart
40:46 Imperial Age
40:54 Imperial Age
39:33 Gold Shaft Mining
Wolf Slayer
13:00 Feudal Age
13:46 Double-Bit Axe
15:41 Forging
21:33 Castle Age
22:54 Scale Barding Armor
23:06 Fletching
30:50 Bodkin Arrow
31:00 Horse Collar
34:24 Ballistics
41:47 Bow Saw
J10KQ
10:57 Loom
13:31 Feudal Age
17:32 Castle Age
18:08 Fletching
22:58 Padded Archer Armor
23:34 Elite Skirmisher
28:12 Ballistics
33:51 Imperial Age
34:11 Crossbowman
35:13 Bodkin Arrow
35:58 Arbalester
38:22 Bracer
38:37 Leather Archer Armor
Firestorm
8:06 Loom
13:52 Feudal Age
15:14 Town Watch
18:13 Castle Age
17:21 Double-Bit Axe
18:23 Fletching
21:36 Bow Saw
26:18 Scale Barding Armor
27:46 Wheelbarrow
31:19 Bodkin Arrow
34:49 Hand Cart
38:34 Imperial Age
36:46 Stone Mining
36:46 Gold Mining
39:52 Gold Shaft Mining
39:46 Conscription
38:56 Capped Ram
40:01 Pikeman
40:42 Squires
41:52 Chain Barding Armor
AGS.BlackKnight
13:23 Feudal Age
11:40 Loom
14:20 Loom
17:07 Castle Age
16:48 Town Watch
18:10 Wheelbarrow
17:18 Horse Collar
17:24 Double-Bit Axe
19:08 Town Watch
19:37 Bow Saw
23:49 Heavy Plow
25:26 Gold Mining
27:32 Hand Cart
28:13 Stone Mining
28:52 Scale Barding Armor
28:58 Forging
32:16 Imperial Age
30:36 Chain Barding Armor
31:09 Iron Casting
30:56 Bloodlines
30:46 Husbandry
31:42 Fletching
32:21 Heavy Camel Rider
33:38 Plate Barding Armor
35:02 Blast Furnace
34:20 Imperial Camel Rider
37:26 Conscription
38:28 Two-Man Saw
38:55 Hoardings
40:46 Bodkin Arrow
41:00 Siege Engineers
41:57 Chemistry
42:39 Gold Shaft Mining
42:41 Stone Shaft Mining
42:38 Coinage
42:57 Ballistics
42:48 Masonry
42:42 Town Patrol
43:02 Bracer
AGS.Grimnel
3:44 Loom
13:11 Feudal Age
14:31 Fishing Lines
19:19 Castle Age
19:18 Town Watch
21:47 Wheelbarrow
23:28 Double-Bit Axe
35:44 Hand Cart
36:55 Horse Collar
37:26 Bow Saw
44:50 Imperial Age
chewie1706
7:26 Loom
14:01 Feudal Age
18:56 Castle Age
18:00 Double-Bit Axe
18:15 Fishing Lines
20:05 Padded Archer Armor
21:45 Leather Archer Armor
24:32 Bow Saw
28:59 Wheelbarrow
28:13 Town Watch
28:53 Husbandry
30:31 Horse Collar
33:26 Stone Mining
33:51 Bloodlines
39:13 Gold Mining
39:20 Gillnets
40:36 Fletching
AGS.Pymp K-T
8:40 Loom
15:56 Feudal Age
16:39 Double-Bit Axe
20:04 Castle Age
26:12 Forging
28:58 Scale Barding Armor
35:04 Wheelbarrow
35:36 Chain Barding Armor
38:27 Iron Casting
40:09 Horse Collar
42:29 Bloodlines
42:19 Husbandry
Connection lost

Rejoining the realm…

Still unreachable

The connection could not be restored.

Session expired

The server has moved on; the page needs a fresh start.